 Dungeon Crawl Stone Soup version 0.20.1-1-g8b1a95d (webtiles) character file.

97749 HammerPanzer the Minotaur Blade (level 15, -4/150 HPs)
             Began as a Minotaur Berserker on Nov 3, 2017.
             Was the Champion of Trog.
             Slain by an ice devil (9 damage)
             ... summoned by an orc high priest
             ... on level 2 of the Orcish Mines.
             The game lasted 01:23:17 (27602 turns).

HammerPanzer the Minotaur Blade (MiBe)             Turns: 27602, Time: 01:23:18

Health: -4/150     AC: 17    Str: 29 (30) XL:     15   Next: 72%
Magic:  14/14      EV:  5    Int:  9      God:    Trog [******]
Gold:   2119       SH:  8    Dex: 11      Spells: 14/14 levels left

rFire    . . .     SeeInvis +   k - +5 double sword "Vynnykk" {flame, Int+4 Stlth+}
rCold    + . .     Gourm    +   Z - +0 shield
rNeg     + . .     Faith    .   D - +5 ring mail {rN+}
rPois    .         Spirit   .   x - +1 hat
rElec    .         Reflect  .   I - scarf {repulsion}
rCorr    .         Harm     .   B - +0 pair of gloves
MR       ++++.                  p - +2 pair of boots
Stlth    ++........             C - amulet of the gourmand
Regen    1.4/turn               M - ring of ice
MPRegen  0.2/turn               X - ring of Secrets {EV-3 Str+4 SInv}

@: berserk cooldown, very slightly contaminated, regenerating, slowed, repel
missiles, very slow
A: retaliatory headbutt, horns 2, yellow scales 1, blink, deterioration 1, fire
resistance 1, magic resistance 1, evolution 2, MP-powered wands
a: Blink, Berserk, Trog's Hand, Brothers in Arms, Burn Spellbooks, Renounce
Religion


You were on level 2 of the Orcish Mines.
You worshipped Trog.
Trog was exalted by your worship.
You were very full.

You visited 3 branches of the dungeon, and saw 23 of its levels.
You also visited: Ice Cave.

You collected 2119 gold pieces.

Inventory:

Hand Weapons
 k - the +5 double sword "Vynnykk" (weapon) {flame, Int+4 Stlth+}
   (Trog gifted it to you on level 4 of the Lair of Beasts)

   It has been specially enchanted to burn those struck by it, causing extra
   injury to most foes and up to half again as much damage against particularly
   susceptible opponents.
   Big, fiery blades are also staple armaments of hydra-hunters.
   It affects your intelligence (+4).
   It makes you more stealthy.
 A - a +1 antimagic triple sword
 S - a +1 antimagic long sword
 U - a +2 long sword of slicing
Missiles
 w - 6 silver javelins (quivered)
Armour
 e - a +0 plate armour
 p - a +2 pair of boots (worn)
 u - a +0 cloak
 x - a +1 hat (worn)
 B - a +0 pair of gloves (worn)
 D - a +5 ring mail of positive energy (worn)
 I - a scarf of repulsion (worn)
 Z - a +0 shield (worn)
Jewellery
 d - an uncursed ring of protection from magic
 g - a +2 ring of evasion
 i - an uncursed ring of flight
 r - a +5 ring of protection
 s - an uncursed ring of poison resistance
 C - an amulet of the gourmand (around neck)
 M - a ring of ice (left hand)
 X - the ring of Secrets (right hand) {EV-3 Str+4 SInv}
   (You took it off a deep elf archer on level 14 of the Dungeon)

   [ring of evasion]

   It affects your evasion (-3).
   It affects your strength (+4).
   It lets you see invisible.
Wands
 h - a wand of flame (30/48)
 m - a wand of confusion (7/48)
 z - a wand of acid (5/15)
 E - a wand of lightning (10/15)
 J - a wand of digging (8/24)
 O - a wand of paralysis (9/24)
 T - a wand of clouds (5/9)
 W - a wand of disintegration (12/24)
 Y - a wand of iceblast (12/15)
Scrolls
 a - a scroll of fog
 b - 2 scrolls of identify
 j - 8 scrolls of remove curse
 y - 3 scrolls of teleportation
Potions
 f - 8 potions of curing
 n - 4 potions of lignification
 o - 2 potions of resistance
 F - 2 potions of might
 L - 4 potions of brilliance
 N - 2 potions of agility
 R - 3 potions of flight
Books
 P - a book of Beasts

   Spells                             Type                      Level
   a - Summon Butterflies             Summoning                    1
   b - Call Canine Familiar           Summoning                    3
   c - Summon Ice Beast               Ice/Summoning                4
   d - Summon Mana Viper              Hexes/Summoning              5
   e - Summon Hydra                   Summoning                    7
   Trog disapproves of the use of such an item.
Miscellaneous
 t - a sack of spiders
 V - a lightning rod (4/4)
Comestibles
 c - 14 bread rations
 l - 5 chunks of flesh
 q - 13 meat rations
 H - 7 royal jellies


   Skills:
 + Level 18.4 Fighting
 * Level 24.6 Long Blades
 - Level 2.4 Armour
 - Level 2.1 Dodging


You had 14 spell levels left.
You didn't know any spells.

Dungeon Overview and Level Annotations

Branches:
Dungeon (15/15)            Temple (0/1) D:5            Lair (6/6) D:11
 Shoals (0/4) Lair:2        Snake (0/4) Lair:2        Slime (0/5) Lair:6
    Orc (2/2) D:12            Elf (0/3) Orc:2        Vaults (0/5) D:14
 Depths (0/5) D:15

Altars:
Ashenzari
Dithmenos
Nemelex Xobeh
Okawaru
Qazlal
Trog
The Shining One
Jiyva

Shops:
D:15 (


Innate Abilities, Weirdness & Mutations

You reflexively headbutt those who attack you in melee.
You have a pair of horns on your head.
You are partially covered in yellow scales. (AC +2)
You can translocate small distances at will.
Your body sometimes deteriorates upon taking damage.
Your flesh is heat resistant. (rF+)
You are resistant to hostile enchantments. (MR+)
You rapidly evolve.
You expend magic power (3 MP) to strengthen your wands.


Message History

Your surroundings suddenly seem different.
The orc wizard casts a spell at you. The puff of flame hits you!
* * * LOW HITPOINT WARNING * * *
You hear a blaring wail to the north.
The orc wizard gestures at you while chanting.
The puff of flame hits you!
The hellwing swoops through the air toward you!
The hellwing hits you.
* * * LOW HITPOINT WARNING * * *
You block the hellwing's attack.
An orc priest comes into view. It is wielding a hand axe.
The orc priest shouts!
You hear a howl!
You hear a shout! x9
The spellbook bursts into flames.
Trog is delighted!
You block the hellwing's attack. The hellwing hits you.
* * * LOW HITPOINT WARNING * * *
The ice devil hits you.
* * * LOW HITPOINT WARNING * * *
The ice devil freezes you! You resist.
You die...

...# ###...###..## ..... ...#
##...##.#...######...##
...###....#.......ยง.o.o.....
...).........#.o.o..o)......
............#.#oo4.oo)..o#
#......##......o44oo))...#
##......##.##.##.4.o......#
###....#####....4[).......#
#......######...@.........#
#.......#.###...4..........#
....##......##..)......#....
...##.........)))..........#
.## ##..................... .
#..........#..........
#.......###...........
#......## #......#....
......### ....#......


You could see an orc high priest, an orange demon, a hellwing, 2 ice devils, 3
orc sorcerers, 2 red devils, 4 orc warriors, 3 orc priests and 2 orc wizards.

Vanquished Creatures
  An acid blob (Lair:6)
  Gastronok (D:10)
  A frost giant (D:15)
  An orc warlord (Orc:1)
  Snorg (Lair:4)
  Josephine (Lair:4)
  A rakshasa (D:13)
  Erolcha (D:9)
  A vault guard (D:14)
  4 centaur warriors
  7 hydras
  2 death knights
  2 catoblepae
  9 two-headed ogres
  Erica (D:10)
  2 tengu warriors (D:14)
  10 death yaks
  Urug (D:14)
  3 unseen horrors
  A deep elf archer (D:14)
  2 orc knights
  An orange crystal statue (D:13)
  A phantasmal warrior (D:15)
  The ghost of Darkyelf the Covered, a novice FoAK of Lugonu (D:5)
  A necromancer (IceCv)
  An oklob plant (Lair:5)
  2 deep elf magi (D:14)
  A lindwurm (Lair:6)
  3 orc sorcerers
  5 manticores
  4 slime creatures (D:12)
  11 ugly things
  Maurice (D:8)
  A cyclops (D:14)
  Joseph (D:7)
  10 black mambas
  5 centaur zombies
  An ice statue (IceCv)
  2 gargoyles
  4 centaur skeletons
  5 rime drakes (Lair:6)
  9 spiny frogs
  14 freezing wraiths
  6 komodo dragons
  A yaktaur (D:15)
  2 ice devils (Lair:4)
  2 hellwings (D:7)
  4 trolls
  A hornet (D:12)
  4 blink frogs (Lair:6)
  Grinder (D:4)
  13 hippogriffs
  A meliai zombie (D:7)
  A water elemental (D:12)
  8 wraiths
  3 vampires
  4 wyverns
  48 yaks
  A human (D:8)
  A spriggan (shapeshifter) (D:14)
  4 hogs (D:8)
  4 basilisks
  A steam dragon (D:13)
  3 hungry ghosts
  7 vampire mosquitoes (D:12)
  2 nagas (Lair:2)
  14 water moccasins
  An acid dragon (D:14)
  15 orc warriors
  12 porcupines
  An alligator simulacrum (IceCv)
  A hornet zombie (D:7)
  11 ice beasts
  A black bear (D:9)
  8 ogres
  3 sky beasts
  4 phantoms
  9 wolves
  14 centaurs
  14 crocodiles
  A big kobold (D:7)
  18 bullfrogs
  A water moccasin zombie (D:8)
  A wyvern skeleton (D:12)
  6 scorpions
  A swamp dragon simulacrum (IceCv)
  11 killer bees
  5 howler monkeys
  10 wights
  3 electric eels
  6 crimson imps
  2 draconian simulacra (IceCv)
  9 hounds
  18 orc priests
  9 jellies (Lair:5)
  A bullfrog skeleton (D:6)
  2 bullfrog zombies
  3 iguanas
  20 orc wizards
  A polar bear simulacrum (IceCv)
  16 worker ants
  3 troll simulacra (IceCv)
  A killer bee zombie (D:8)
  4 spriggan simulacra (IceCv)
  A wolf simulacrum (IceCv)
  4 centaur simulacra (IceCv)
  2 hound zombies
  A hound skeleton (D:10)
  A worker ant zombie (D:7)
  6 gnolls (D:6)
  18 adders
  5 naga simulacra (IceCv)
  2 ogre simulacra (IceCv)
  9 shadow imps
  12 white imps (IceCv)
  11 oozes
  2 adder skeletons
  2 adder zombies
  A dart slug (D:1)
  4 leopard geckos
  86 orcs
  8 bats
  5 giant cockroaches
  8 goblins
  5 hobgoblins
  12 jackals
  9 quokkas
  6 frilled lizards
  6 kobolds
  A leopard gecko skeleton (D:6)
  5 rats
  A plant (Lair:5)
752 creatures vanquished.

Vanquished Creatures (others)
  A tengu warrior (D:15)
  An orc priest (D:3)
  An orc wizard (Orc:2)
  6 orcs
  8 fungi
  2 plants (Lair:6)
19 creatures vanquished.

Grand Total: 771 creatures vanquished

Notes
Turn   | Place    | Note
-------+----------+-------------------------------------------
     0 | D:1      | HammerPanzer the Minotaur Berserker began the quest for the Orb.
     0 | D:1      | Reached XP level 1. HP: 19/19 MP: 0/0
   164 | D:1      | Reached skill level 4 in Long Blades
   184 | D:1      | Reached XP level 2. HP: 20/27 MP: 1/1
   879 | D:2      | Reached XP level 3. HP: 31/33 MP: 2/2
  1003 | D:2      | Reached skill level 5 in Long Blades
  1222 | D:2      | Found a sparkling altar of Nemelex Xobeh.
  1346 | D:3      | Reached ** piety under Trog
  1461 | D:3      | Reached XP level 4. HP: 41/41 MP: 3/3
  1746 | D:3      | Reached skill level 6 in Long Blades
  1746 | D:3      | Reached XP level 5. HP: 47/47 MP: 4/4
  1997 | D:3      | Reached skill level 5 in Fighting
  2107 | D:4      | Found a shattered altar of Ashenzari.
  2110 | D:4      | Noticed an ogre
  2115 | D:4      | Killed an ogre
  2115 | D:4      | Reached skill level 7 in Long Blades
  2183 | D:4      | Noticed a phantom
  2204 | D:4      | Killed a phantom
  2204 | D:4      | Reached XP level 6. HP: 54/56 MP: 5/5
  2301 | D:4      | Found a stormy altar of Qazlal.
  2310 | D:4      | Noticed Grinder
  2324 | D:4      | Killed Grinder
  2324 | D:4      | Reached *** piety under Trog
  2324 | D:4      | Reached skill level 8 in Long Blades
  2324 | D:4      | Reached XP level 7. HP: 63/63 MP: 6/6
  2752 | D:5      | Entered Level 5 of the Dungeon
  2763 | D:5      | Reached skill level 9 in Long Blades
  2773 | D:5      | Found a staircase to the Ecumenical Temple.
  2774 | D:5      | Noticed Darkyelf's ghost (novice FoAK)
  2779 | D:5      | Killed Darkyelf's ghost
  2779 | D:5      | Reached skill level 10 in Long Blades
  2779 | D:5      | Reached XP level 8. HP: 73/73 MP: 7/7
  3197 | D:5      | Found an iron altar of Okawaru.
  3277 | D:5      | Found a glowing golden altar of the Shining One.
  3752 | D:6      | Reached skill level 11 in Long Blades
  4039 | D:6      | Reached **** piety under Trog
  4406 | D:7      | Reached XP level 9. HP: 70/82 MP: 8/8
  4407 | D:7      | Received a gift from Trog
  4479 | D:7      | Noticed Joseph
  4498 | D:7      | Killed Joseph
  4498 | D:7      | Reached skill level 12 in Long Blades
  4938 | D:7      | Noticed a hellwing
  4938 | D:7      | Noticed a hellwing
  4952 | D:7      | Killed a hellwing
  4958 | D:7      | Killed a hellwing
  4958 | D:7      | Reached skill level 13 in Long Blades
  4962 | D:7      | Reached skill level 10 in Fighting
  5246 | D:7      | Reached skill level 14 in Long Blades
  5246 | D:7      | Reached XP level 10. HP: 90/94 MP: 9/9
  5546 | D:7      | You fall through a shaft!
  5553 | D:8      | Found an iron altar of Okawaru.
  5688 | D:8      | Noticed a two-headed ogre
  5694 | D:8      | Killed a two-headed ogre
  6304 | D:8      | Found a bloodstained altar of Trog.
  6304 | D:8      | Noticed Maurice
  6313 | D:8      | Killed Maurice
  6313 | D:8      | Reached skill level 15 in Long Blades
  6381 | D:8      | Found a shadowy altar of Dithmenos.
  6385 | D:8      | Reached ***** piety under Trog
  6427 | D:8      | Noticed a two-headed ogre
  6439 | D:8      | Killed a two-headed ogre
  6903 | D:8      | Reached skill level 16 in Long Blades
  6904 | D:8      | Reached XP level 11. HP: 104/104 MP: 10/10
  7410 | D:9      | Noticed Erolcha
  7418 | D:9      | Killed Erolcha
  7647 | D:10     | Entered Level 10 of the Dungeon
  7712 | D:10     | Noticed Erica
  7723 | D:10     | Killed Erica
  7886 | D:10     | Noticed a two-headed ogre
  7904 | D:10     | Reached skill level 17 in Long Blades
  8092 | D:10     | Killed a two-headed ogre
  8415 | D:10     | Noticed Gastronok
  8427 | D:10     | Killed Gastronok
  8547 | D:10     | Reached skill level 18 in Long Blades
  8655 | D:10     | Reached XP level 12. HP: 115/115 MP: 11/11
  9288 | D:11     | Reached ****** piety under Trog
  9443 | D:11     | Found a staircase to the Lair.
  9541 | D:11     | Gained mutation: You are agile. (Dex +2) [mutagenic meat]
  9869 | D:11     | Received a gift from Trog
 10220 | D:12     | Reached skill level 19 in Long Blades
 10567 | D:12     | Noticed a two-headed ogre
 10573 | D:12     | Killed a two-headed ogre
 11191 | D:12     | Gained mutation: Your system is resistant to poisons. (rPois) [mutagenic meat]
 11192 | D:12     | Gained mutation: Armour fits poorly on your strangely shaped body. [mutagenic meat]
 11195 | D:12     | Gained mutation: You evolve. [mutagenic meat]
 11690 | D:12     | Found a staircase to the Orcish Mines.
 11984 | D:12     | Noticed a two-headed ogre
 11993 | D:12     | Killed a two-headed ogre
 11993 | D:12     | Reached skill level 20 in Long Blades
 12055 | D:12     | Reached XP level 13. HP: 103/125 MP: 12/12
 12677 | D:13     | Gained mutation: You expend magic power (3 MP) to strengthen your wands. [mutagenic meat]
 12678 | D:13     | Gained mutation: You can translocate small distances at will. [mutagenic meat]
 12969 | D:13     | Reached skill level 15 in Fighting
 13043 | D:13     | Lost mutation: Your system is resistant to poisons. (rPois) [evolution]
 13144 | D:13     | Received a gift from Trog
 13790 | D:13     | Reached skill level 21 in Long Blades
 13900 | D:14     | Noticed Urug
 13912 | D:14     | Killed Urug
 14440 | D:14     | Got an ancient ivory ring
 14700 | D:14     | Found a gate to the Vaults.
 15112 | D:14     | Reached XP level 14. HP: 122/137 MP: 13/13
 15119 | D:14     | Gained mutation: You are resistant to hostile enchantments. (MR+) [mutagenic meat]
 15120 | D:14     | Gained mutation: You are partially covered in yellow scales. (AC +2) [mutagenic meat]
 15408 | D:15     | Entered Level 15 of the Dungeon
 15443 | D:15     | Found Gufoqod's Antique Weapon Shop.
 15495 | D:15     | Reached skill level 22 in Long Blades
 15548 | D:15     | Gained mutation: Your body sometimes deteriorates upon taking damage. [mutagenic meat]
 15549 | D:15     | Lost mutation: Armour fits poorly on your strangely shaped body. [mutagenic meat]
 15551 | D:15     | Gained mutation: You rapidly evolve. [mutagenic meat]
 15994 | D:15     | Found a staircase to the Depths.
 15994 | D:15     | Noticed a frost giant
 16000 | D:15     | Killed a frost giant
 16000 | D:15     | Received a gift from Trog
 16009 | D:15     | Identified the cursed ring of Secrets {EV-3 Str+4 SInv} (You took it off a deep elf archer on level 14 of the Dungeon)
 16791 | Lair:1   | Entered Level 1 of the Lair of Beasts
 16920 | Lair:1   | Gained mutation: Your flesh is heat resistant. (rF+) [evolution]
 18021 | Lair:2   | Found a staircase to the Snake Pit.
 18077 | Lair:2   | Found a staircase to the Shoals.
 19433 | Lair:3   | Reached skill level 23 in Long Blades
 19834 | Lair:4   | Noticed Snorg
 19844 | Lair:4   | Killed Snorg
 19997 | Lair:4   | Found a frozen archway.
 20005 | Lair:4   | Received a gift from Trog
 20013 | Lair:4   | Got a dazzling double sword {god gift}
 20021 | IceCv    | Entered an ice cave
 20028 | IceCv    | Identified the +5 double sword "Vynnykk" {flame, Int+4 Stlth+} (Trog gifted it to you on level 4 of the Lair of Beasts)
 20722 | IceCv    | Found an ancient bone altar of Kikubaaqudgha.
 21151 | IceCv    | Reached XP level 15. HP: 147/147 MP: 14/14
 21350 | Lair:4   | Noticed Josephine
 21357 | Lair:4   | Killed Josephine
 22601 | Lair:6   | Entered Level 6 of the Lair of Beasts
 23605 | Lair:6   | Received a gift from Trog
 23612 | Lair:6   | Reached skill level 24 in Long Blades
 24655 | Lair:6   | Found a staircase to the Slime Pits.
 24656 | Lair:6   | Found a viscous altar of Jiyva.
 25589 | Lair:6   | Lost mutation: You are agile. (Dex +2) [evolution]
 25751 | Lair:6   | Noticed an acid blob
 25760 | Lair:6   | Killed an acid blob
 26549 | Orc:1    | Entered Level 1 of the Orcish Mines
 26726 | Orc:1    | Noticed an orc warlord
 26935 | Orc:1    | Killed an orc warlord
 27489 | Orc:2    | Entered Level 2 of the Orcish Mines
 27522 | Orc:2    | Paralysed by an orc sorcerer for 6 turns
 27563 | Orc:2    | Found a staircase to the Elven Halls.
 27581 | Orc:2    | Received a gift from Trog
 27597 | Orc:2    | HP: 7/150 [poisoned by an orange demon]
 27598 | Orc:2    | HP: 2/150 [orc wizard/magic dart (4)]
 27602 | Orc:2    | Slain by an ice devil

Skill      XL: |  1  2  3  4  5  6  7  8  9 10 11 12 13 14 15 |
---------------+----------------------------------------------+-----
Long Blades    | 4 5 6 7 8 10 11 14 16 18 20 21 23 24 | 24.6
Fighting       | 4 5 6 7 8 10 11 13 14 16 17 18 | 18.4
Armour         | |  2.4
Dodging        | |  2.1

Action                   |  1- 3 |  4- 6 |  7- 9 | 10-12 | 13-15 || total
-------------------------+-------+-------+-------+-------+-------++-------
Melee: Falchion          |    70 |    60 |   233 |   204 |       ||   567
       Headbutt          |     9 |    13 |    58 |   190 |   255 ||   525
       Scimitar          |       |       |       |   399 |   117 ||   516
       Long sword        |       |       |       |    93 |       ||    93
       Double sword      |       |       |       |       |   602 ||   602
       Great sword       |       |       |       |       |    54 ||    54
       Triple sword      |       |       |       |       |   122 ||   122
Throw: Javelin           |       |       |     2 |     9 |     7 ||    18
Invok: Berserk           |       |     3 |     5 |    10 |    24 ||    42
       Burn Spellbooks   |       |       |       |       |     2 ||     2
       Trog's Hand       |       |       |       |       |     1 ||     1
  Use: Scroll            |       |     6 |     5 |    15 |    21 ||    47
       Potion            |       |       |     1 |       |    12 ||    13
 Stab: Distracted        |       |       |       |       |     1 ||     1
  Eat: Chunk             |     2 |     2 |    15 |    61 |    81 ||   161
       Royal jelly       |       |     1 |     1 |       |     2 ||     4
       Fruit             |       |       |       |     2 |     3 ||     5
Armor: Animal skin       |     3 |       |       |       |       ||     3
       Ring mail         |    24 |    22 |   145 |   274 |   425 ||   890
Dodge: Dodged            |    59 |    45 |   122 |   291 |   321 ||   838
       Deflected         |       |       |       |       |    10 ||    10
Block: Buckler           |     2 |     5 |    27 |    69 |    22 ||   125
       Shield            |       |       |       |       |    90 ||    90
       Rpst.: Falchion   |    21 |    13 |    28 |    14 |       ||    76
       Long sword        |       |       |       |    13 |       ||    13
       Scimitar          |       |       |       |    55 |     5 ||    60
       Double sword      |       |       |       |       |    47 ||    47
       Great sword       |       |       |       |       |     5 ||     5
       Triple sword      |       |       |       |       |    23 ||    23
